 Dungeon Crawl Stone Soup version 0.25.0-37-gb73750e (webtiles) character file.

Game seed: 15645992047982575108

6386 Balder the Cleaver (level 10, -8/107 HPs)
             Began as an Ogre Berserker on July 8, 2020.
             Was an Elder of Trog.
             Mangled by a wyvern (19 damage)
             ... on level 8 of the Dungeon on July 9, 2020.
             The game lasted 00:43:49 (12270 turns).

Balder the Cleaver (Ogre Berserker)                Turns: 12270, Time: 00:43:49

Health: -8/107     AC:  6    Str: 25    XL:     10   Next: 97%
Magic:  19/19      EV: 27    Int:  8    God:    Trog [****..]
Gold:   503        SH:  0    Dex: 11    Spells: 9/9 levels left

rFire    . . .     SeeInvis .   O - +0 trident (curse)
rCold    + . .     Gourm    .   (no shield)
rNeg     . . .     Faith    .   v - +0 robe {rC+}
rPois    +         Spirit   .   (helmet restricted)
rElec    .         Reflect  .   x - +2 cloak
rCorr    .         Harm     .   (gloves unavailable)
MR       +++..                  (boots unavailable)
Stlth    +++.......             j - amulet of the acrobat
HPRegen  1.27/turn              f - ring "Wiek" {+Inv rPois MP+9 Str+2 Stlth+}
MPRegen  0.16/turn              (no ring)

@: acrobat, regenerating
A: large, unfitting armour, tough skin 1
a: Berserk, Trog's Hand, Brothers in Arms, Renounce Religion, Evoke Invisibility


You were on level 8 of the Dungeon.
You worshipped Trog.
Trog was greatly pleased with you.
You were not hungry.

You visited 1 branch of the dungeon, and saw 8 of its levels.

You collected 503 gold pieces.

Inventory:

Hand Weapons
 a - a +1 war axe
 b - a +0 giant spiked club
 q - a +0 hand axe
 u - a +2 antimagic whip
 G - a +3 quarterstaff of chaos
 O - a cursed +0 trident (weapon)
Missiles
 l - 36 poisoned darts (quivered)
 E - 13 boomerangs
Armour
 v - a +0 robe of cold resistance (worn)
 x - a +2 cloak (worn)
Jewellery
 f - the ring "Wiek" (left hand) {+Inv rPois MP+9 Str+2 Stlth+}
   (You took it off a deep elf mage on level 8 of the Dungeon)

   [ring of magical power]

   It affects your strength (+2).
   It protects you from poison.
   It affects your magic capacity (+9).
   It lets you turn invisible.
   It makes you more stealthy.
 j - an amulet of the acrobat (around neck)
Wands
 r - a wand of polymorph (25)
 y - a wand of enslavement (5)
 A - a wand of digging (4)
 B - a wand of iceblast (12)
 F - a wand of clouds (7)
 K - a wand of acid (7)
 L - a wand of random effects (9)
 M - a wand of paralysis (12)
Scrolls
 d - 7 scrolls of identify
 n - 3 scrolls of fog
 w - 3 scrolls of teleportation
 Q - a scroll of enchant weapon
Potions
 e - 3 potions of berserk rage {unknown}
 g - 2 potions of resistance {unknown}
 h - a potion of curing
 i - 2 potions of magic {unknown}
 o - a potion of invisibility {unknown}
 s - 2 potions of haste
 z - 2 potions of mutation {unknown}
 C - a potion of heal wounds
 D - a potion of brilliance {unknown}
 N - a potion of might {unknown}
Comestibles
 c - 6 rations


   Skills:
 * Level 9.1 Fighting
 * Level 10.0(10.3) Axes
 * Level 3.9(7.2) Maces & Flails
 + Level 1.9(3.4) Staves
 * Level 5.4 Throwing
 * Level 4.2 Armour
 * Level 6.5 Dodging
 + Level 2.0 Stealth
 + Level 0.2 Evocations


You had 9 spell levels left.
You didn't know any spells.
Your spell library contained the following spells:

 Spells                   Type           Power        Failure   Level  Hunger
 Corona                   Hex            #......      41%         1    ##.....
 Ensorcelled Hibernation  Hex/Ice        #.....       54%         2    ###....
 Confusing Touch          Hex            #.......     78%         3    ####...
 Dazzling Flash           Conj/Hex       #.....       78%         3    ####...
 Tukima's Dance           Hex            #.......     78%         3    ####...


Dungeon Overview and Level Annotations

Branches:
Dungeon (8/15)             Temple (0/1) D:6
   Lair: D:8-11

Altars:
Cheibriados
Kikubaaqudgha
Makhleb
Vehumet
Wu Jian
Xom
Zin


Innate Abilities, Weirdness & Mutations

You are too large for most types of armour.
You have tough skin. (AC +1)


Message History

* * * LOW HITPOINT WARNING * * *
You see here a stone.
The wyvern completely misses you.
You hit the wyvern but do no damage.
The wyvern is heavily wounded.
The gnoll misses you. The wyvern barely misses you.
The gnoll hits you but does no damage.
You hit the wyvern but do no damage.
The wyvern is heavily wounded.
The wyvern bites you!
* * * LOW HITPOINT WARNING * * *
The gnoll closely misses you. The wyvern barely misses you.
All of the chunks of flesh in your inventory have rotted away.
You completely miss the wyvern.
The wyvern is heavily wounded.
The gnoll barely misses you. The wyvern bites you!
* * * LOW HITPOINT WARNING * * *
The gnoll hits you but does no damage. The wyvern bites you!!
You die...

*,,,,,,.....,,* *
*,,,,,,,...,,,*
*****
*,,,,,,,...,,,*
*,,,,
********#.#****
*,,,, #)# *,,,. #)#
*,,,. #g# *,... #l#
*,... #@# *,,.. #!#
*######### #.#
##^.......# #.#
##.......... #.#
#........... #.#
##........... #.##
#...########.
#..###..##(8..8.##
##.##..##....รท...)


You could see a wyvern and a gnoll (fast).

Vanquished Creatures
  Harold (D:8)
  Erica (D:8)
  Pikel (D:7)
  A deep elf mage (D:8)
  Maurice (D:8)
  Maggie (D:7)
  A spriggan (D:7)
  A hungry ghost (D:7)
  An orc warrior (D:7)
  3 sky beasts
  3 ogres
  A necrophage (D:8)
  2 phantoms (D:6)
  A centaur (D:8)
  3 crocodiles
  5 bullfrogs
  A wyvern zombie (D:8)
  A scorpion (D:6)
  5 killer bees
  4 wights (D:7)
  A howler monkey (D:4)
  2 crimson imps
  3 jellies
  4 bullfrog skeletons (D:5)
  2 gnoll shamans
  Crazy Yiuf (D:2)
  5 orc priests
  4 hounds
  A centaur skeleton (D:6)
  Jessica (D:2)
  Ijyb (D:4)
  Natasha (thrice) (D:4)
  7 orc wizards
  4 worker ants
  A hound zombie (D:8)
  A hound skeleton (D:6)
  Robin (D:3)
  13 gnolls
  4 adders
  2 shadow imps
  2 adder zombies (D:5)
  3 worms
  A dart slug (D:1)
  9 leopard geckos
  31 orcs
  2 ball pythons
  9 bats
  10 giant cockroaches
  14 goblins
  8 hobgoblins
  11 jackals
  2 kobolds (D:1)
  5 quokkas
  A ball python skeleton (D:4)
  6 frilled lizards
  A jackal zombie (D:6)
  A quokka skeleton (D:7)
  2 rats (D:2)
217 creatures vanquished.

Vanquished Creatures (others)
  2 gnolls (D:7)
2 creatures vanquished.

Grand Total: 219 creatures vanquished

Notes
Turn   | Place    | Note
-------+----------+-------------------------------------------
     0 | D:1      | Balder the Ogre Berserker began the quest for the Orb.
     0 | D:1      | Reached XP level 1. HP: 24/24 MP: 1/1
   312 | D:1      | Reached XP level 2. HP: 32/32 MP: 2/2
   916 | D:1      | Reached XP level 3. HP: 40/40 MP: 3/3
  1691 | D:2      | Reached ** piety under Trog
  1758 | D:2      | Reached XP level 4. HP: 11/49 MP: 4/4
  2195 | D:2      | Found a burning altar of Makhleb.
  2201 | D:2      | Reached skill level 4 in Axes
  2201 | D:2      | Reached skill level 1 in Throwing
  2358 | D:2      | Found a radiant altar of Vehumet.
  2551 | D:2      | Found a runed translucent door.
  2552 | D:2      | Noticed Crazy Yiuf
  2559 | D:2      | Killed Crazy Yiuf
  2559 | D:2      | Reached XP level 5. HP: 50/55 MP: 0/5
  2801 | D:2      | Noticed Jessica
  2808 | D:2      | Killed Jessica
  2808 | D:2      | Reached skill level 5 in Fighting
  2808 | D:2      | Reached skill level 1 in Armour
  2939 | D:3      | Noticed Robin
  2967 | D:3      | Killed Robin
  3229 | D:3      | Found a snail-covered altar of Cheibriados.
  3234 | D:3      | Reached XP level 6. HP: 49/66 MP: 6/6
  4147 | D:4      | Noticed Ijyb
  4156 | D:4      | Killed Ijyb
  4156 | D:4      | Reached *** piety under Trog
  4265 | D:4      | Reached skill level 5 in Axes
  4265 | D:4      | Noticed Natasha
  4282 | D:4      | Killed Natasha
  4297 | D:4      | Noticed Natasha
  4307 | D:4      | Killed Natasha
  4307 | D:4      | Reached XP level 7. HP: 11/72 MP: 7/7
  4543 | D:4      | Noticed Natasha
  4547 | D:4      | Killed Natasha
  4629 | D:4      | Found an ancient bone altar of Kikubaaqudgha.
  5360 | D:4      | Upgraded the game from 0.25.0-33-gff14898 to
                  | 0.25.0-37-gb73750e
  5361 | D:5      | Entered Level 5 of the Dungeon
  5608 | D:5      | Reached skill level 1 in Stealth
  5688 | D:5      | Reached skill level 6 in Axes
  5688 | D:5      | Reached XP level 8. HP: 26/83 MP: 8/8
  6268 | D:5      | Reached skill level 1 in Maces & Flails
  6545 | D:5      | Reached **** piety under Trog
  7080 | D:6      | Reached skill level 5 in Dodging
  7184 | D:6      | Found a shimmering altar of Xom.
  7409 | D:6      | Reached XP level 9. HP: 47/92 MP: 9/9
  7414 | D:6      | Reached skill level 7 in Axes
  7701 | D:6      | Found a staircase to the Ecumenical Temple.
  7735 | D:6      | Found a glowing silver altar of Zin.
  8032 | D:7      | Paralysed by fainting for 5 turns
  8763 | D:7      | Found an ornate altar of the Wu Jian Council.
  8908 | D:7      | Noticed Maggie
  8928 | D:7      | Killed Maggie
  9202 | D:7      | Reached skill level 1 in Staves
 10037 | D:7      | Noticed Pikel
 10058 | D:7      | Killed Pikel
 10058 | D:7      | Reached skill level 8 in Axes
 10058 | D:7      | Reached XP level 10. HP: 51/104 MP: 10/10
 10622 | D:7      | Reached skill level 5 in Throwing
 11137 | D:8      | Noticed Erica
 11155 | D:8      | Killed Erica
 11514 | D:8      | Noticed Harold
 11529 | D:8      | Killed Harold
 11529 | D:8      | Reached skill level 9 in Axes
 11915 | D:8      | Noticed Maurice
 11919 | D:8      | Identified the ring "Wiek" {+Inv rPois MP+9 Str+2 Stlth+}
 11919 | D:8      | Noticed a deep elf mage
 11930 | D:8      | Killed a deep elf mage
 11933 | D:8      | Killed Maurice
 12142 | D:8      | Reached skill level 10 in Axes
 12263 | D:8      | HP: 3/107 [wyvern (19)]
 12270 | D:8      | Mangled by a wyvern

Illustrated notes

Levels and vault maps discovered:
D:1:      dpeg_arrival_shelter, layout_basic
D:2:      layout_basic, fiery_altar_vehumet, makhleb_heckhound_becter,
          uniq_crazy_yiuf_cottage, uniq_jessica
D:3:      layout_loops_ring, cheibriados_altar_1, uniq_robin
D:4:      layout_rooms, overflow_temple_1_default, serial_glass,
          glass_columns_c, glass_columns_a, glass_columns_b, glass_columns_c,
          glass_columns_b, glass_columns_b, uniq_ijyb, uniq_natasha
D:5:      layout_basic, portal_sewer_entry_d, first_ration, minivault_24
D:6:      layout_cave_pools, zin_academy, xom_butterflies, temple_statues
D:7:      layout_layer_cave, old_standard_altar, the_bakery,
          minmay_fountain_box, eino_curves_01, uniq_pikel, uniq_maggie
D:8:      layout_basic, grunt_temple_overflow_bloody_war,
          hangedman_feature_mirror, nzn_random_ring, uniq_harold, uniq_erica,
          uniq_maurice

Skill      XL: |  1  2  3  4  5  6  7  8  9 10 |
---------------+-------------------------------+-----
Dodging        | 3 4 5 6 |  6.5
Axes           | 4 5 6 8 10 | 10.0
Throwing       | 1 2 3 4 5 |  5.4
Fighting       | 5 6 8 9 |  9.1
Armour         | 1 2 3 4 |  4.2
Stealth        | 1 2 |  2.0
Maces & Flails | 2 3 |  3.9
Staves         | 1 |  1.9
Evocations     | |  0.2

Action                   |  1- 3 |  4- 6 |  7- 9 | 10-12 || total
-------------------------+-------+-------+-------+-------++-------
Melee: Hand axe          |   110 |       |       |       ||   110
       War axe           |    13 |   109 |   297 |   114 ||   533
       Quarterstaff      |       |    57 |    28 |       ||    85
       Unarmed           |       |     4 |       |       ||     4
       Giant spiked club |       |       |    65 |       ||    65
       Trident           |       |       |       |    20 ||    20
Throw: Dart              |     6 |     7 |    15 |     5 ||    33
       Boomerang         |       |       |    53 |     4 ||    57
Invok: Berserk           |     2 |     2 |     5 |     2 ||    11
       Trog's Hand       |       |     2 |     4 |     5 ||    11
Evoke: Wand              |       |     1 |     5 |     5 ||    11
  Use: Scroll            |       |     3 |     3 |     8 ||    14
       Potion            |       |       |     3 |     2 ||     5
 Stab: Sleeping          |     1 |       |     4 |       ||     5
       Distracted        |       |       |       |     1 ||     1
  Eat: Chunk             |     4 |    12 |    11 |     7 ||    34
       Ration            |       |       |     7 |     1 ||     8
Armor: Animal skin       |    45 |    16 |       |       ||    61
       Robe              |       |    51 |   114 |    20 ||   185
       Skin              |       |     1 |       |       ||     1
Dodge: Dodged            |    93 |   158 |   236 |    77 ||   564
